 Dungeon Crawl Stone Soup version 0.21-a0-140-g479285b (webtiles) character file.

123 Gorglomux the Skirmisher (level 5, -3/46 HPs)
             Began as a Hill Orc Arcane Marksman on July 21, 2017.
             Slain by a river rat (10 damage)
             ... in a sewer.
             The game lasted 00:05:32 (2815 turns).

Gorglomux the Skirmisher (Hill Orc Arcane Marksman) Turns: 2815, Time: 00:05:33

Health: -3/46      AC:  5    Str: 12 (14) XL:     5   Next: 7%
Magic:  6/6        EV: 12    Int: 12 (13) God:
Gold:   101        SH:  0    Dex: 10 (11) Spells: 5/6 levels left

rFire    . . .     SeeInvis .   b - +0 mace (curse)
rCold    . . .     Gourm    .   (no shield)
rNeg     . . .     Faith    .   e - +0 robe
rPois    .         Spirit   .   (helmet restricted)
rElec    .         Reflect  .   (no cloak)
rCorr    .         Harm     .   i - +2 pair of gloves
MR       .....     Clarity  +   (no boots)
Stlth    +.........             p - amulet of rage
HPRegen  0.15/turn              (no ring)
MPRegen  0.10/turn              (no ring)

@: very slow
A: horns 1, clarity, screaming 1, no potion heal 1
a: Evoke Berserk Rage


You were in a sewer.
You were not hungry.

You visited 1 branch of the dungeon, and saw 3 of its levels.
You also visited: Sewer.

You collected 101 gold pieces.

Inventory:

Hand Weapons
 a - a +0 shortbow
 b - a cursed +0 mace (weapon)
Missiles
 d - 20 arrows
Armour
 e - a +0 robe (worn)
 i - a +2 pair of gloves (worn)
Jewellery
 p - an amulet of rage (around neck)
Potions
 s - a potion of ambrosia
 Q - a potion of curing
Books
 c - a book of Debilitation

   Spells                             Type                      Level
   a - Corona                         Hexes                        1
   b - Slow                           Hexes                        2
   c - Inner Flame                    Hexes/Fire                   3
   d - Portal Projectile              Hexes/Translocation          3
   e - Cause Fear                     Hexes                        4
   f - Leda's Liquefaction            Hexes/Earth                  4
Comestibles
 f - 4 bread rations
 g - 5 fruits
 r - a royal jelly
 R - a chunk of flesh


   Skills:
 + Level 4.1 Fighting
 + Level 3.4 Bows
 - Level 1.5 Dodging
 - Level 1.0 Spellcasting
 - Level 3.0 Hexes


You had 5 spell levels left.
You knew the following spells:

 Your Spells              Type           Power        Failure   Level  Hunger
a - Corona                Hex            #......      9%          1    ##.....


Dungeon Overview and Level Annotations

Branches:
Dungeon (3/15)

Altars:
Ashenzari
Cheibriados


Innate Abilities, Weirdness & Mutations

You have a pair of small horns on your head.
You possess an exceptional clarity of mind.
You occasionally shout uncontrollably at your foes.
Potions are less effective at restoring your health.


Message History

Your unstable footing causes you to fumble your attack!
The river rat bites you! The river butt bites you!
The rat twitches its whiskers!
The river rat barely misses you! The river rat barely misses you!
The river rat closely misses you! The river rat barely misses you!
The river rat bites butt!!!
The river rat completely misses you!
You butt the shallow water!
Moving in this butt is going to be slow!
The river rat bites you! * * * don't die
* * * It was a potion of mutation!
You feel extremely strange! A pair of horns grows on your head!!!
Your system partially rejects the healing effects of potions!
You feel the urge to shout!
Your thoughts seem clearer!
The river rat bites you!!! * * * don't die
* * * The river rat barely misses you!
The river rat bites you!!! rip

#≈≈≈≈≈≈# #≈≈≈≈≈
#≈≈≈r≈≈# #≈≈≈≈≈
#≈#≈r≈≈# #≈≈≈≈≈
#≈r#≈≈≈# #≈≈≈≈≈
#r≈≈≈≈≈# #≈≈≈≈≈
#r≈≈≈≈≈# #≈≈≈≈.
#.≈#≈≈≈# #≈≈≈≈≈
#rr≈≈≈≈# #≈.≈#≈
#≈@≈≈≈≈# #≈÷≈≈≈
#≈≈#≈≈≈# #≈≈≈≈≈
#≈≈≈≈≈≈# #≈≈≈≈≈
#≈≈≈≈≈≈# #≈≈≈≈≈
#≈≈≈≈≈≈# #≈≈≈≈≈
##.≈≈..# ##≈≈≈.
#......## ##.....
##......##
##......
#.......###.......


You could see 2 river rats and 5 rats.

Vanquished Creatures
  Terence (D:3)
  3 adders
  3 worms
  A dart slug (D:1)
  2 leopard geckos
  3 ball pythons
  5 bats (D:1)
  4 giant cockroaches
  3 goblins
  8 hobgoblins
  4 jackals (D:1)
  2 frilled lizards (D:2)
  4 kobolds
  16 rats
59 creatures vanquished.

Notes
Turn   | Place    | Note
-------+----------+-------------------------------------------
     0 | D:1      | Gorglomux the Hill Orc Arcane Marksman began the quest for the Orb.
     0 | D:1      | Reached XP level 1. HP: 16/16 MP: 2/2
   198 | D:1      | Reached XP level 2. HP: 22/24 MP: 3/3
   395 | D:1      | Reached skill level 2 in Fighting
   804 | D:1      | Reached XP level 3. HP: 13/30 MP: 2/4
  1336 | D:2      | Reached skill level 3 in Fighting
  1539 | D:2      | Found a shattered altar of Ashenzari.
  1586 | D:2      | Found a snail-covered altar of Cheibriados.
  1712 | D:2      | Reached XP level 4. HP: 35/38 MP: 5/5
  1814 | D:2      | Reached skill level 3 in Bows
  2486 | D:3      | Noticed Terence
  2498 | D:3      | Killed Terence
  2536 | D:3      | Found a glowing drain.
  2728 | Sewer    | Entered a sewer
  2780 | Sewer    | Reached skill level 4 in Fighting
  2780 | Sewer    | Reached XP level 5. HP: 37/46 MP: 6/6
  2814 | Sewer    | Gained mutation: You have a pair of small horns on your head. [potion of mutation]
  2814 | Sewer    | Gained mutation: Potions are less effective at restoring your health. [potion of mutation]
  2814 | Sewer    | Gained mutation: You occasionally shout uncontrollably at your foes. [potion of mutation]
  2814 | Sewer    | Gained mutation: You possess an exceptional clarity of mind. [potion of mutation]
  2815 | Sewer    | Slain by a river rat

Vault maps used:
D:1:      minmay_arrival_glassed_features, minmay_misc_feat_ornament
D:2:      overflow_temple_1_default, lemuel_round_altar, first_bread
D:3:      portal_sewer_entry_e, nicolae_gozag_seed_capital, uniq_terence
Sewer:    sewer_minmay_w

Skill      XL: |  1  2  3  4 |
---------------+-------------+-----
Bows           | 2 3 |  3.4
Fighting       | 2 3 4 |  4.1
Dodging        | |  1.5
Spellcasting   | |  1.0
Hexes          | |  3.0

Action                   |  1- 3 |  4- 6 || total
-------------------------+-------+-------++-------
Melee: Mace              |   125 |    88 ||   213
 Fire: Shortbow          |     4 |       ||     4
 Cast: Corona            |     8 |       ||     8
  Use: Scroll            |     7 |       ||     7
       Potion            |     2 |     1 ||     3
  Eat: Chunk             |     3 |     4 ||     7
Armor: Robe              |    50 |    23 ||    73
Dodge: Dodged            |   132 |    74 ||   206
